[Event "ICC tourney 2855 (30 10)"]
[Site "Internet Chess Club"]
[Date "2022.03.19"]
[Round "1"]
[White "ZHAO, DANSON:K01-30127679"]
[Black "SIMPSON, CHARLES D:The-Rider"]
[Result "1-0"]
[ICCResult "Black checkmated"]
[WhiteElo "1234"]
[BlackElo "870"]
[Opening "QP counter-gambit (elephant gambit)"]
[ECO "C40"]
[NIC "KP.10"]
[Time "12:01:21"]
[PlyCount "37"]
[TimeControl "1800+10"]

1. e4 e5 2. Nf3 d5 3. exd5 e4 4. Nd4 Nf6 5. Bc4 Bc5 6. Ne2 Nxd5 7. Bxd5 Qxd5
8. Nbc3 Qf5 9. O-O O-O 10. Ng3 Qd7 11. Ncxe4 Bb6 12. d3 Nc6 13. Re1 Re8 14.
Be3 Nd4 15. c3 Nf5 16. Nxf5 Qxf5 17. Bxb6 cxb6 18. Nf6+ Qxf6 19. Rxe8#
{Black checkmated}
1-0

[Event "ICC tourney 2855 (30 10)"]
[Site "Internet Chess Club"]
[Date "2022.03.19"]
[Round "1"]
[White "GUO, MAX:salamenceg"]
[Black "QIAO, RICHARDSON JINGSI:Richardsonqiao"]
[Result "1/2-1/2"]
[ICCResult "Game drawn by repetition"]
[WhiteElo "1220"]
[BlackElo "572"]
[Opening "Ruy Lopez: 5.O-O"]
[ECO "C78"]
[NIC "RL.12"]
[Time "12:01:21"]
[PlyCount "76"]
[TimeControl "1800+10"]

1. e4 e5 2. Nf3 Nc6 3. Bb5 a6 4. Ba4 Nf6 5. O-O b5 6. Bb3 Bc5 7. a4 b4 8.
Nxe5 Nxe5 9. d4 Bxd4 10. Qxd4 Nc6 11. Qc4 O-O 12. Bg5 h6 13. Bh4 a5 14. Qe2
Nd4 15. Qd3 Nxb3 16. Qxb3 g5 17. Bg3 Nxe4 18. Qd5 Nxg3 19. fxg3 c6 20. Qd6
Re8 21. Nd2 Qb6+ 22. Kh1 Re6 23. Qd3 d5 24. Rae1 Ba6 25. Qf5 Bxf1 26. Rxe6
Bxg2+ 27. Kxg2 fxe6 28. Qg6+ Kf8 29. Qf6+ Ke8 30. Qh8+ Kd7 31. Qxa8 Qd4 32.
Qb7+ Kd6 33. Qb8+ Kd7 34. Qb7+ Kd6 35. Qb8+ Kd7 36. Qb7+ Kd6 37. Qb8+ Kd7
38. Qb7+ Kd6 {Game drawn by repetition} 1/2-1/2

[Event "ICC tourney 2855 (30 10)"]
[Site "Internet Chess Club"]
[Date "2022.03.19"]
[Round "1"]
[White "WEI, LUKE:caracleliem2"]
[Black "ANGEL, BORYS:BArkadia"]
[Result "0-1"]
[ICCResult "White resigns"]
[WhiteElo "1082"]
[BlackElo "1399"]
[Opening "Ruy Lopez: Classical defense deferred"]
[ECO "C70"]
[NIC "RL.09"]
[Time "12:00:31"]
[PlyCount "64"]
[TimeControl "1800+10"]

1. e4 e5 2. Nf3 Nc6 3. Bb5 a6 4. Ba4 Bc5 5. O-O b5 6. Bb3 Nf6 7. c3 O-O 8.
h3 Nxe4 9. Bd5 Nf6 10. Bxc6 dxc6 11. Nxe5 Bb7 12. d4 Bb6 13. Bg5 h6 14. Bh4
Qd6 15. Nd2 c5 16. dxc5 Bxc5 17. Bg3 Rfe8 18. Nef3 Qxg3 19. b4 Ba7 20. Qc2
Ne4 21. Nxe4 Bxe4 22. Qd1 Rad8 23. Kh1 Rxd1 24. fxg3 Rxa1 25. Rxa1 f6 26.
Rd1 Bb6 27. Nd4 Rd8 28. Re1 Re8 29. Rd1 Kf7 30. Nf3 Bc6 31. Nd4 Bxd4 32.
Rxd4 Re2 {White resigns} 0-1

[Event "ICC tourney 2855 (30 10)"]
[Site "Internet Chess Club"]
[Date "2022.03.19"]
[Round "1"]
[White "Nagarajan, Ramesh:rnagaraj"]
[Black "Bharathy Mohan, Aarav Sai:aaravbm"]
[Result "0-1"]
[ICCResult "White resigns"]
[WhiteElo "1282"]
[BlackElo "1004"]
[Opening "King's gambit"]
[ECO "C30"]
[NIC "KG.05"]
[Time "12:00:26"]
[PlyCount "88"]
[TimeControl "1800+10"]

1. e4 e5 2. f4 Nc6 3. Nf3 d6 4. Bc4 h6 5. d3 Nf6 6. Nc3 Bg4 7. Be3 a6 8. a3
Bd7 9. fxe5 dxe5 10. Qd2 Bd6 11. O-O O-O 12. d4 exd4 13. Nxd4 Nxd4 14. Bxd4
Bc6 15. Qf2 Ng4 16. Bxf7+ Kh8 17. Qf5 Bxh2+ 18. Kh1 Qxd4 19. Qxg4 Bd6 20.
Rad1 Qe5 21. Qh3 Bd7 22. Qh5 Rxf7 23. Qxe5 Rxf1+ 24. Rxf1 Bxe5 25. Rf7 Bxc3
26. Rxd7 Bxb2 27. Rxc7 Bxa3 28. Rxb7 Bd6 29. Rd7 Bb4 30. c4 a5 31. e5 a4 32.
e6 a3 33. e7 Bxe7 34. Rxe7 a2 35. Re1 a1=Q 36. Rxa1 Rxa1+ 37. Kh2 Rc1 38.
Kg3 Rxc4 39. Kf3 Kh7 40. g3 g5 41. g4 Kg6 42. Kg3 Kf6 43. Kf3 Ke5 44. Ke3
Rxg4 {White resigns} 0-1

[Event "ICC tourney 2855 (30 10)"]
[Site "Internet Chess Club"]
[Date "2022.03.19"]
[Round "1"]
[White "Krishnan, Ashvath:ashvathk5"]
[Black "BIRUDAVOLU, SATHVIK:Vikki24"]
[Result "1-0"]
[ICCResult "Black checkmated"]
[WhiteElo "1373"]
[BlackElo "1069"]
[Opening "Ruy Lopez: old Steinitz defense"]
[ECO "C62"]
[NIC "RL.02"]
[Time "12:00:43"]
[PlyCount "83"]
[TimeControl "1800+10"]

1. e4 e5 2. Nf3 Nc6 3. Bb5 d6 4. d3 a6 5. Ba4 b5 6. Bb3 h6 7. c3 Nf6 8. O-O
Bg4 9. Nbd2 h5 10. Re1 Bxf3 11. Qxf3 g5 12. Nf1 g4 13. Qe2 Be7 14. Ne3 Rg8
15. Nf5 Nd7 16. Bd5 Ndb8 17. f4 exf4 18. Bxf4 Qd7 19. Qf2 Kd8 20. Bxf7 Rf8
21. Bd5 Kc8 22. Bh6 Rf6 23. Bg5 Rxf5 24. exf5 Bxg5 25. Be6 Qxe6 26. fxe6 Kb7
27. Qf5 Be7 28. a4 bxa4 29. Rxa4 Ka7 30. Qf2+ Kb7 31. Rea1 Kc8 32. b4 Kd8
33. Qf7 Kc8 34. b5 Ne5 35. Qxe7 Kb7 36. bxa6+ Nxa6 37. Rxa6 Rxa6 38. Rxa6
Kxa6 39. Qxc7 Kb5 40. e7 Nxd3 41. e8=Q+ Ka6 42. Qa4# {Black checkmated} 1-0

[Event "ICC tourney 2855 (30 10)"]
[Site "Internet Chess Club"]
[Date "2022.03.19"]
[Round "1"]
[White "WESLEY, GEORGE:Maglars"]
[Black "HIBBS, ROBERT:BotanicalKnight"]
[Result "0-1"]
[ICCResult "White checkmated"]
[WhiteElo "1061"]
[BlackElo "1346"]
[Opening "Dutch defense, Rubinstein variation"]
[ECO "A10"]
[NIC "HD.14"]
[Time "12:01:21"]
[PlyCount "50"]
[TimeControl "1800+10"]

1. c4 f5 2. Nc3 e6 3. d4 d5 4. cxd5 exd5 5. g3 Nf6 6. Bg2 c6 7. Nf3 Be7 8.
Bg5 O-O 9. O-O Ne4 10. Bc1 Nd7 11. Nxe4 fxe4 12. Nd2 Nf6 13. h3 Qe8 14. Nb3
Qh5 15. Bf4 Bxh3 16. Bxh3 Qxh3 17. f3 exf3 18. exf3 Nh5 19. Qe1 Nxf4 20.
gxf4 Bh4 21. Qe3 Rf6 22. Qd3 Qg3+ 23. Kh1 Rh6 24. Qf5 Bg5+ 25. Qh3 Rxh3#
{White checkmated}
0-1

[Event "ICC tourney 2855 (30 10)"]
[Site "Internet Chess Club"]
[Date "2022.03.19"]
[Round "1"]
[White "YUAN, ETHAN:Knighthhhh"]
[Black "ZHOU, ALEXANDER ZHENG:Lailaiking"]
[Result "0-1"]
[ICCResult "White checkmated"]
[WhiteElo "1326"]
[BlackElo "1029"]
[Opening "French: advance, Paulsen attack"]
[ECO "C02"]
[NIC "FR.03"]
[Time "12:00:46"]
[PlyCount "150"]
[TimeControl "1800+10"]

1. e4 e6 2. d4 d5 3. e5 c5 4. c3 Nc6 5. Nf3 Qb6 6. a3 Nge7 7. b4 cxd4 8.
cxd4 Nf5 9. Be3 a5 10. b5 Nb8 11. Qc2 Bd7 12. Nc3 Nxe3 13. fxe3 Be7 14. Bd3
h6 15. O-O O-O 16. Na4 Qd8 17. Nc5 Bxc5 18. dxc5 Qe7 19. Nd4 Rc8 20. Rac1
Be8 21. e4 Nd7 22. c6 Nxe5 23. exd5 exd5 24. Bf5 Rc7 25. b6 Rxc6 26. Nxc6
Bxc6 27. Rfe1 f6 28. Qb3 Rd8 29. Rcd1 a4 30. Qa2 Qc5+ 31. Kh1 Kh8 32. Be6
Qd6 33. Bf5 Qe7 34. Re2 Qc5 35. Be6 Qxb6 36. Rb2 Qc5 37. Rc2 Qd6 38. Bxd5
Bxd5 39. Rcd2 Bxa2 40. Rxd6 Rxd6 41. Rxd6 b5 42. Rd8+ Kh7 43. Rb8 Bc4 44.
Kg1 Nd3 45. Kf1 Nf4+ 46. Kf2 Nd3+ 47. Ke3 Ne1 48. Kf2 Nc2 49. g3 Nxa3 50.
Ke3 Nc2+ 51. Kd2 Nd4 52. Ke3 Nb3 53. Rb6 Nc1 54. Kd2 Nd3 55. Rb8 a3 56. Ra8
a2 57. Kc3 Nc1 58. Kb2 Nd3+ 59. Kc2 b4 60. h4 b3+ 61. Kc3 b2 62. Kxc4 a1=Q
63. Rxa1 bxa1=Q 64. Kxd3 Qb2 65. Ke4 Qc3 66. Kf4 Qd3 67. Kg4 Qe3 68. Kh5 g6+
69. Kg4 Qe2+ 70. Kh3 f5 71. h5 Qf1+ 72. Kh2 f4 73. hxg6+ Kxg6 74. g4 Qf2+
75. Kh3 Qg3# {White checkmated} 0-1

[Event "ICC tourney 2855 (30 10)"]
[Site "Internet Chess Club"]
[Date "2022.03.19"]
[Round "1"]
[White "HELLER, JACK G:Maximusiv"]
[Black "LANE, LUCA MADDEN:StreetFood"]
[Result "1/2-1/2"]
[ICCResult "Game drawn by mutual agreement"]
[WhiteElo "1021"]
[BlackElo "1321"]
[Opening "Two knights defense"]
[ECO "C55"]
[NIC "KP.02"]
[Time "12:00:27"]
[PlyCount "107"]
[TimeControl "1800+10"]

1. e4 e5 2. Nf3 Nc6 3. Bc4 Nf6 4. d4 exd4 5. O-O Bd6 6. e5 Nxe5 7. Nxe5 Bxe5
8. Re1 d6 9. f4 Ng4 10. fxe5 Qh4 11. exd6+ Kf8 12. Bf4 Qf2+ 13. Kh1 Qxf4 14.
g3 Qxd6 15. Rf1 Qc6+ 16. Qf3 Qxc4 17. Nd2 Qe6 18. Rae1 Qc6 19. Ne4 f6 20.
Qa3+ Kf7 21. Kg1 Qxc2 22. Ng5+ Kg6 23. Nf3 Bf5 24. h3 Ne3 25. Rf2 Qd3 26.
Nh4+ Kg5 27. Rxf5+ Qxf5 28. Nxf5 Nxf5 29. h4+ Kg4 30. Re4+ Kh3 31. g4+ Ne3
32. h5 Rhe8 33. Rxd4 Re5 34. Rd3 Rae8 35. Qxa7 Kxg4 36. Qxb7 Kxh5 37. Qxc7
Rg5+ 38. Kf2 Ng4+ 39. Kf1 Rf5+ 40. Kg2 Re4 41. Qxg7 Ne3+ 42. Rxe3 Rg4+ 43.
Qxg4+ Kxg4 44. Rg3+ Kf4 45. Rf3+ Ke5 46. Rxf5+ Kxf5 47. Kf3 Ke5 48. a4 Kd5
49. a5 Kc6 50. b4 Kb5 51. Kf4 Ka6 52. Kg4 Kb5 53. Kf4 Ka6 54. Kf5
{Game drawn by mutual agreement}
1/2-1/2

[Event "ICC tourney 2855 (30 10)"]
[Site "Internet Chess Club"]
[Date "2022.03.19"]
[Round "1"]
[White "YADHUNANDAN, ADIDEV:Yadhunandan"]
[Black "POWERS, BARNEY:Barnstorm"]
[Result "1-0"]
[ICCResult "Black resigns"]
[WhiteElo "807"]
[BlackElo "1233"]
[Opening "King's Indian defense, 3.Nc3"]
[ECO "E61"]
[NIC "KI.80"]
[Time "12:00:32"]
[PlyCount "99"]
[TimeControl "1800+10"]

1. d4 Nf6 2. c4 g6 3. Nc3 Bg7 4. Bf4 d6 5. d5 O-O 6. Nf3 Nbd7 7. e4 Nc5 8.
Bd3 Bg4 9. O-O e5 10. Bd2 Nxd3 11. Qe2 Nf4 12. Bxf4 exf4 13. h3 Bxf3 14.
Qxf3 Re8 15. Rfe1 Nh5 16. g4 fxg3 17. fxg3 Qg5 18. g4 Bd4+ 19. Kh1 Nf4 20.
Rf1 Be5 21. Nb5 Qe7 22. Rad1 a6 23. Na3 Rf8 24. c5 dxc5 25. Nc4 g5 26. h4 h6
27. h5 Rad8 28. b3 b5 29. Ne3 c4 30. Nf5 Qa3 31. Rd2 cxb3 32. axb3 Kh7 33.
Rff2 c5 34. Ra2 Qc1+ 35. Rf1 Qc3 36. Qxc3 Bxc3 37. Rxa6 Bg7 38. d6 Rfe8 39.
Rd1 Rxe4 40. d7 Ne6 41. Ne7 Rxg4 42. Nc6 Rh4+ 43. Kg2 Bf6 44. Nxd8 Nxd8 45.
Rxf6 Rg4+ 46. Kf3 Rf4+ 47. Rxf4 gxf4 48. Kxf4 f6 49. Re1 Kg7 50. Re8
{Black resigns}
1-0

[Event "ICC tourney 2855 (30 10)"]
[Site "Internet Chess Club"]
[Date "2022.03.19"]
[Round "2"]
[White "Bharathy Mohan, Aarav Sai:aaravbm"]
[Black "ZHAO, DANSON:K01-30127679"]
[Result "1-0"]
[ICCResult "Black checkmated"]
[WhiteElo "1004"]
[BlackElo "1234"]
[Opening "Giuoco Piano"]
[ECO "C50"]
[NIC "IG.02"]
[Time "14:01:07"]
[PlyCount "125"]
[TimeControl "1800+10"]

1. e4 e5 2. Nf3 Nc6 3. Bc4 Bc5 4. O-O Nf6 5. Nc3 d6 6. h3 O-O 7. d3 h6 8.
Re1 Re8 9. Bd2 Bd7 10. a3 a6 11. Qc1 Qe7 12. Nd5 Nxd5 13. Bxd5 Be6 14. Bxe6
Qxe6 15. Be3 Nd4 16. Nxd4 exd4 17. Bf4 Qf6 18. Bg3 Bb6 19. Qf4 Qxf4 20. Bxf4
Re6 21. Bg3 Rae8 22. Re2 f5 23. f3 Ba5 24. Kf1 Kf7 25. Be1 Bxe1 26. Raxe1
fxe4 27. Rxe4 Rxe4 28. Rxe4 Rxe4 29. fxe4 Ke6 30. Kf2 d5 31. Kf3 Ke5 32.
exd5 Kxd5 33. Kf4 Ke6 34. g3 g6 35. h4 c6 36. g4 b6 37. Ke4 c5 38. Kf4 Kf6
39. b3 b5 40. Ke4 Ke6 41. b4 cxb4 42. axb4 g5 43. h5 Kd6 44. Kxd4 Kc6 45. c4
bxc4 46. dxc4 Kd6 47. c5+ Kc6 48. Kc4 Kc7 49. b5 axb5+ 50. Kxb5 Kb7 51. c6+
Kc7 52. Kc5 Kd8 53. Kd6 Kc8 54. c7 Kb7 55. Kd7 Kb6 56. c8=Q Kb5 57. Qc6+ Kb4
58. Kd6 Kb3 59. Kd5 Kb4 60. Qc4+ Ka5 61. Qb3 Ka6 62. Kc6 Ka5 63. Qb5#
{Black checkmated}
1-0

[Event "ICC tourney 2855 (30 10)"]
[Site "Internet Chess Club"]
[Date "2022.03.19"]
[Round "2"]
[White "ZHOU, ALEXANDER ZHENG:Lailaiking"]
[Black "SHAMALOV, NATHAN:Nathan-Shamalov"]
[Result "0-1"]
[ICCResult "White resigns"]
[WhiteElo "1029"]
[BlackElo "1262"]
[Opening "King's pawn game"]
[ECO "C50"]
[NIC "IG.03"]
[Time "14:01:07"]
[PlyCount "52"]
[TimeControl "1800+10"]

1. e4 e5 2. Nf3 Nc6 3. Bc4 h6 4. d3 Nf6 5. Nc3 Bb4 6. Bd2 O-O 7. a3 Ba5 8.
b4 Bb6 9. Na4 d6 10. Nxb6 axb6 11. O-O Bg4 12. h3 Bxf3 13. Qxf3 Nd4 14. Qd1
d5 15. exd5 Nxd5 16. Bxd5 Qxd5 17. Bc3 Rfe8 18. Bxd4 exd4 19. Re1 c5 20.
Rxe8+ Rxe8 21. b5 Qd7 22. a4 Ra8 23. Qd2 Ra5 24. c3 dxc3 25. Qxc3 Qd4 26.
Qc4 Qxa1+ {White resigns} 0-1

[Event "ICC tourney 2855 (30 10)"]
[Site "Internet Chess Club"]
[Date "2022.03.19"]
[Round "2"]
[White "ANGEL, BORYS:BArkadia"]
[Black "LAIDO, MATTHEW:Dabao"]
[Result "1-0"]
[ICCResult "Black checkmated"]
[WhiteElo "1399"]
[BlackElo "1137"]
[Opening "Evans gambit"]
[ECO "C51"]
[NIC "IG.05"]
[Time "14:00:57"]
[PlyCount "49"]
[TimeControl "1800+10"]

1. e4 e5 2. Nf3 Nc6 3. Bc4 Bc5 4. b4 Bxb4 5. c3 Bc5 6. d4 exd4 7. cxd4 Bb4+
8. Bd2 Bxd2+ 9. Nbxd2 d5 10. exd5 Na5 11. Qa4+ c6 12. dxc6 bxc6 13. O-O Bd7
14. Ne5 Nxc4 15. Qxc4 Qf6 16. Rfe1 Ne7 17. Nxd7 Kxd7 18. Ne4 Qg6 19. Nc5+
Ke8 20. Rab1 Rd8 21. Rb7 Qf6 22. Qe2 Rxd4 23. Rxe7+ Kd8 24. Qb2 Qxe7 25.
Qb8# {Black checkmated} 1-0

[Event "ICC tourney 2855 (30 10)"]
[Site "Internet Chess Club"]
[Date "2022.03.19"]
[Round "2"]
[White "HELLER, JACK G:Maximusiv"]
[Black "GUO, MAX:salamenceg"]
[Result "0-1"]
[ICCResult "White resigns"]
[WhiteElo "1021"]
[BlackElo "1220"]
[Opening "Evans gambit"]
[ECO "C52"]
[NIC "IG.05"]
[Time "14:00:31"]
[PlyCount "112"]
[TimeControl "1800+10"]

1. e4 e5 2. Nf3 Nc6 3. Bc4 Bc5 4. b4 Bxb4 5. c3 Ba5 6. d4 exd4 7. O-O Nge7
8. Qb3 O-O 9. Ng5 Ne5 10. cxd4 Nxc4 11. Qxc4 d5 12. exd5 Qxd5 13. Qd3 Bf5
14. Qa3 Nc6 15. Be3 Bb4 16. Qb2 Rad8 17. Rd1 h6 18. Nf3 Bg4 19. Nc3 Bxc3 20.
Qxc3 Bxf3 21. gxf3 Qxf3 22. Qd2 Rd6 23. d5 Ne5 24. Bf4 Rg6+ 25. Kf1 Qg2+ 26.
Ke2 Re8 27. Qe3 Qg4+ 28. Kf1 Qg2+ 29. Ke2 f6 30. Bg3 Kf7 31. Qb3 Nc4+ 32.
Kd3 Qe4+ 33. Kc3 Nd6 34. Re1 Qf3+ 35. Kb2 Qxb3+ 36. axb3 Rxe1 37. Rxe1 Rg4
38. Re6 Rg5 39. Bxd6 cxd6 40. Rxd6 Ke7 41. Re6+ Kd7 42. Re3 Rxd5 43. h4 Rd2+
44. Kc3 Rxf2 45. Rg3 g5 46. hxg5 hxg5 47. Rh3 Re2 48. Rh7+ Re7 49. Rh8 Rg7
50. Ra8 a6 51. Ra7 Kc6 52. Ra8 g4 53. Re8 g3 54. Re6+ Kd5 55. Rxf6 g2 56.
Rf5+ Ke6 {White resigns} 0-1

[Event "ICC tourney 2855 (30 10)"]
[Site "Internet Chess Club"]
[Date "2022.03.19"]
[Round "2"]
[White "THAPER, RISHUBH:MajorKey"]
[Black "Krishnan, Ashvath:ashvathk5"]
[Result "0-1"]
[ICCResult "White resigns"]
[WhiteElo "1123"]
[BlackElo "1373"]
[Opening "Queen's gambit declined"]
[ECO "D30"]
[NIC "QP.08"]
[Time "14:00:14"]
[PlyCount "106"]
[TimeControl "1800+10"]

1. d4 d5 2. c4 e6 3. Nf3 Nf6 4. g3 Nbd7 5. Bg2 c6 6. O-O Bd6 7. Nc3 O-O 8.
c5 Bc7 9. b4 a5 10. b5 cxb5 11. Nxb5 Re8 12. Nxc7 Qxc7 13. Bf4 Qd8 14. Rb1
Nh5 15. Bd6 Nhf6 16. h3 Ne4 17. Qb3 Nxd6 18. cxd6 Nf6 19. Qb6 Ra6 20. Qxd8
Rxd8 21. Rfc1 Raxd6 22. Ne5 h6 23. Rc7 Nd7 24. Rbc1 Nxe5 25. dxe5 Rc6 26.
R1xc6 bxc6 27. Rxc6 Bb7 28. Rc5 a4 29. Ra5 Ra8 30. Rxa8+ Bxa8 31. e3 Bc6 32.
h4 Kf8 33. Kf1 Bb5+ 34. Ke1 Bc4 35. a3 Ke7 36. Kd2 Kd7 37. Kc3 Kc6 38. Kb4
Bb3 39. Bf1 f6 40. exf6 gxf6 41. Bb5+ Kb6 42. f4 h5 43. Bxa4 Bxa4 44. Kxa4
Kc5 45. Ka5 e5 46. a4 d4 47. fxe5 fxe5 48. exd4+ exd4 49. Ka6 d3 50. a5 d2
51. Kb7 d1=Q 52. a6 Qd7+ 53. Kb8 Kb6 {White resigns} 0-1

[Event "ICC tourney 2855 (30 10)"]
[Site "Internet Chess Club"]
[Date "2022.03.19"]
[Round "2"]
[White "HIBBS, ROBERT:BotanicalKnight"]
[Black "Wold, Michael L:miclwold-1"]
[Result "1-0"]
[ICCResult "Black checkmated"]
[WhiteElo "1346"]
[BlackElo "506"]
[Opening "Bishop's opening: Berlin defense"]
[ECO "C24"]
[NIC "IG.04"]
[Time "14:00:22"]
[PlyCount "43"]
[TimeControl "1800+10"]

1. e4 e5 2. Bc4 Nf6 3. d3 Bc5 4. Nc3 O-O 5. f4 d6 6. f5 Nc6 7. Bg5 h6 8. Bh4
a6 9. Nd5 Ne7 10. Nxf6+ gxf6 11. Bxf6 Kh7 12. Qh5 d5 13. Bxd5 Qe8 14. Bb3
Bd4 15. Nf3 Be3 16. Ke2 Bf4 17. g3 Rg8 18. Bxf7 Qf8 19. Bxe7 Qg7 20. Bxg8+
Kxg8 21. f6 Qh7 22. Qe8# {Black checkmated} 1-0

[Event "ICC tourney 2855 (30 10)"]
[Site "Internet Chess Club"]
[Date "2022.03.19"]
[Round "2"]
[White "QIAO, RICHARDSON JINGSI:Richardsonqiao"]
[Black "YUAN, ETHAN:Knighthhhh"]
[Result "1-0"]
[ICCResult "Black checkmated"]
[WhiteElo "572"]
[BlackElo "1326"]
[Opening "Giuoco Piano"]
[ECO "C54"]
[NIC "IG.02"]
[Time "14:00:17"]
[PlyCount "161"]
[TimeControl "1800+10"]

1. e4 e5 2. Nf3 Nc6 3. Bc4 Bc5 4. c3 Nf6 5. d4 exd4 6. cxd4 Bb4+ 7. Bd2
Bxd2+ 8. Nbxd2 d5 9. exd5 Nxd5 10. Qb3 Nce7 11. O-O O-O 12. Rfe1 c6 13. Rac1
Qc7 14. Bxd5 Nxd5 15. Qxd5 Be6 16. Qe5 Qd7 17. b3 Rfe8 18. Qg3 Rad8 19. Ne4
Qe7 20. Nc5 Rd6 21. Nxb7 Rd7 22. Nc5 Rd6 23. Ng5 Qc7 24. Ngxe6 fxe6 25. Nxe6
Qe7 26. h3 Rxe6 27. Rxe6 Qxe6 28. Qc3 Qd6 29. Qc4+ Kh8 30. g3 Qh6 31. Qxc6
Qxc6 32. Rxc6 h6 33. Ra6 Rd8 34. Rxa7 Rxd4 35. Kg2 Kh7 36. Kf3 Rd1 37. Ke2
Rb1 38. Kd2 Rb2+ 39. Ke3 Kg6 40. f4 Rb1 41. Ra6+ Kf7 42. Kf3 Rf1+ 43. Kg4
Re1 44. a4 Rb1 45. Rb6 Ra1 46. Kf5 Ke8 47. Kg6 Rg1 48. g4 Rh1 49. Kxg7 Rxh3
50. Rxh6 Rxb3 51. f5 Rb7+ 52. Kg6 Rb6+ 53. Kg5 Rb4 54. Ra6 Kf7 55. f6 Rc4
56. Ra7+ Kg8 57. f7+ Kf8 58. Kf6 Rc6+ 59. Kg5 Rd6 60. a5 Rd5+ 61. Kh4 Rc5
62. a6 Ra5 63. g5 Kg7 64. Kh5 Ra4 65. g6 Ra5+ 66. Kg4 Ra4+ 67. Kf5 Ra1 68.
Ke6 Re1+ 69. Kd6 Rd1+ 70. Kc7 Rg1 71. Rb7 Rxg6 72. a7 Ra6 73. Kb8 Re6 74.
a8=Q Re8+ 75. fxe8=Q+ Kf6 76. Qc6+ Ke5 77. Qa5+ Kd4 78. Rb4+ Kd3 79. Qa3+
Kd2 80. Rb2+ Kd1 81. Qh1# {Black checkmated} 1-0

[Event "ICC tourney 2855 (30 10)"]
[Site "Internet Chess Club"]
[Date "2022.03.19"]
[Round "2"]
[White "WESLEY, GEORGE:Maglars"]
[Black "Nagarajan, Ramesh:rnagaraj"]
[Result "0-1"]
[ICCResult "White forfeits on time"]
[WhiteElo "1061"]
[BlackElo "1282"]
[Opening "English: Carls' Bremen system"]
[ECO "A22"]
[NIC "EO.10"]
[Time "14:00:31"]
[PlyCount "74"]
[TimeControl "1800+10"]

1. c4 e5 2. Nc3 Nf6 3. g3 Bc5 4. Bg2 Nc6 5. e3 d6 6. Nge2 O-O 7. O-O Re8 8.
Re1 e4 9. Qc2 Bf5 10. Nf4 Ne5 11. Nxe4 Nxe4 12. Bxe4 Bxe4 13. Qxe4 Nc6 14.
Qb1 Ne5 15. Qe4 Ng6 16. Qf3 Qf6 17. d4 Bxd4 18. Bd2 Bxb2 19. Rab1 b6 20. Qg2
Nxf4 21. exf4 Ba3 22. Red1 Bc5 23. Qf3 Rad8 24. Re1 Qd4 25. Rbc1 Qxd2 26.
Rxe8+ Rxe8 27. Rf1 Qxa2 28. Kg2 Qxc4 29. Re1 Qb5 30. Rc1 a5 31. Qb7 Qd7 32.
Qf3 Qc8 33. Qc6 Qa8 34. Qxa8 Rxa8 35. Re1 a4 36. Re7 a3 37. Rxc7 a2
{White forfeits on time}
0-1

[Event "ICC tourney 2855 (30 10)"]
[Site "Internet Chess Club"]
[Date "2022.03.19"]
[Round "2"]
[White "HAMLETT, JAMES MORRISON:Hamlett144"]
[Black "YADHUNANDAN, ADIDEV:Yadhunandan"]
[Result "1-0"]
[ICCResult "Black checkmated"]
[WhiteElo "1216"]
[BlackElo "807"]
[Opening "Two knights defense (Modern bishop's opening)"]
[ECO "C55"]
[NIC "IG.01"]
[Time "14:00:12"]
[PlyCount "171"]
[TimeControl "1800+10"]

1. e4 e5 2. Nf3 Nc6 3. Bc4 Nf6 4. d3 d6 5. h3 Bd7 6. O-O Qe7 7. Ng5 Be6 8.
Bxe6 fxe6 9. Nc3 O-O-O 10. Be3 b6 11. a4 h6 12. Nf3 d5 13. Bd2 d4 14. Ne2 g5
15. a5 bxa5 16. Bxa5 g4 17. hxg4 Nxg4 18. Bd2 Qf7 19. Ra6 Kb7 20. Qa1 Bc5
21. b4 Bb6 22. Rb1 Nb8 23. Ra4 Rhf8 24. b5 Qh5 25. Ng3 Qe8 26. Ba5 Bc5 27.
Bb4 Bxb4 28. Rxa7+ Kc8 29. Rxb4 c6 30. b6 Rf7 31. Ra8 Kd7 32. Ra7+ Kd6 33.
Rxf7 Qxf7 34. Qa3 c5 35. Rb5 Rc8 36. b7 Rc7 37. Rb6+ Ke7 38. Qa8 Qe8 39. Nd2
Nf6 40. Nc4 Nfd7 41. Rd6 Rc6 42. Rxc6 Nxc6 43. Nd6 Qb8 44. Nc4 Nb4 45. Qxb8
Nxb8 46. Nxe5 Kd8 47. Ne2 Nxc2 48. Nf4 Kc7 49. Nc4 Kxb7 50. Nxe6 Kc6 51. Nf4
Nd7 52. Kf1 Kb5 53. Ke2 Nf6 54. e5 Nd7 55. e6 Nf6 56. Nd6+ Kc6 57. Nc4 Nb4
58. Ne5+ Kd6 59. Nf7+ Ke7 60. Nxh6 Nbd5 61. Nf5+ Ke8 62. Nxd5 Nxd5 63. Nd6+
Ke7 64. Nb7 Kxe6 65. Nxc5+ Ke5 66. g3 Nf6 67. Nb3 Kd5 68. f4 Nh5 69. Kf3 Nf6
70. g4 Nh7 71. g5 Nf8 72. Kg4 Ke6 73. Nxd4+ Kf7 74. f5 Ng6 75. fxg6+ Kxg6
76. Nf5 Kh7 77. d4 Kh8 78. d5 Kg8 79. d6 Kf8 80. d7 Kf7 81. d8=Q Ke6 82. Qa5
Kd7 83. Qb6 Ke8 84. Qc7 Kf8 85. Qe7+ Kg8 86. Qg7# {Black checkmated} 1-0

[Event "ICC tourney 2855 (30 10)"]
[Site "Internet Chess Club"]
[Date "2022.03.19"]
[Round "3"]
[White "LANE, LUCA MADDEN:StreetFood"]
[Black "GUO, MAX:salamenceg"]
[Result "0-1"]
[ICCResult "White resigns"]
[WhiteElo "1321"]
[BlackElo "1220"]
[Opening "King's Indian: fianchetto without c4"]
[ECO "A49"]
[NIC "QP.06"]
[Time "16:00:20"]
[PlyCount "36"]
[TimeControl "1800+10"]

1. d4 Nf6 2. Nf3 g6 3. g3 Bg7 4. Bg2 d5 5. O-O c5 6. b3 O-O 7. Bb2 Nc6 8. c4
Bf5 9. Nc3 cxd4 10. Nxd4 Nxd4 11. Qxd4 Ne4 12. Qxd5 Nxc3 13. Bxc3 Bxc3 14.
Rad1 Qxd5 15. Bxd5 Rab8 16. f4 Bb4 17. e4 Bh3 18. Rf2 Bc5 {White resigns}
0-1

[Event "ICC tourney 2855 (30 10)"]
[Site "Internet Chess Club"]
[Date "2022.03.19"]
[Round "3"]
[White "Bharathy Mohan, Aarav Sai:aaravbm"]
[Black "HIBBS, ROBERT:BotanicalKnight"]
[Result "1/2-1/2"]
[ICCResult "Game drawn by mutual agreement"]
[WhiteElo "1004"]
[BlackElo "1346"]
[Opening "Caro-Kann: two knights, 3...Bg4"]
[ECO "B10"]
[NIC "CK.01"]
[Time "16:00:18"]
[PlyCount "26"]
[TimeControl "1800+10"]

1. e4 c6 2. Nf3 d5 3. Nc3 Bg4 4. Be2 e6 5. d3 Nf6 6. O-O Qb6 7. h3 Bh5 8.
Re1 Be7 9. Be3 Qc7 10. Qc1 O-O 11. Bf4 Qb6 12. Be3 Qc7 13. Bf4 Qb6
{Game drawn by mutual agreement}
1/2-1/2

[Event "ICC tourney 2855 (30 10)"]
[Site "Internet Chess Club"]
[Date "2022.03.19"]
[Round "3"]
[White "YADHUNANDAN, ADIDEV:Yadhunandan"]
[Black "THAPER, RISHUBH:MajorKey"]
[Result "0-1"]
[ICCResult "White checkmated"]
[WhiteElo "807"]
[BlackElo "1123"]
[Opening "Nimzo-Indian defense"]
[ECO "E20"]
[NIC "NI.30"]
[Time "16:03:04"]
[PlyCount "68"]
[TimeControl "1800+10"]

1. d4 Nf6 2. c4 e6 3. Nc3 Bb4 4. Bd2 d5 5. e3 O-O 6. Qb3 c5 7. a3 Bxc3 8.
Bxc3 Ne4 9. cxd5 Nxc3 10. Qxc3 cxd4 11. Qxd4 exd5 12. Bd3 Nc6 13. Qf4 d4 14.
Qe4 f5 15. Qf3 dxe3 16. Qxe3 Re8 17. Qxe8+ Qxe8+ 18. Ne2 Nd4 19. O-O-O Nxe2+
20. Kd2 Nf4 21. Rde1 Qd8 22. Re3 Nxd3 23. Rxd3 Qg5+ 24. Re3 Qxg2 25. Rhe1
Bd7 26. Re7 Qd5+ 27. Kc2 Ba4+ 28. Kb1 Qd3+ 29. Ka2 Rc8 30. R1e3 Qc4+ 31. Kb1
Qc2+ 32. Ka1 Bb3 33. Re1 Qc1+ 34. Rxc1 Rxc1# {White checkmated} 0-1